 Dungeon Crawl Stone Soup version 0.22-a0-389-g8519d86 (webtiles) character file.

786384 Kairos the Slayer (level 27, -6/166 HPs)
             Began as a Vine Stalker Fighter on Apr 30, 2018.
             Was the Champion of Okawaru.
             Killed from afar by a spriggan air mage (8 damage)
             ... with a bolt of lightning
             ... on level 27 of a ziggurat.
             The game lasted 05:33:21 (66660 turns).

Kairos the Slayer (Vine Stalker Fighter)           Turns: 66660, Time: 05:33:22

Health: -6/166     AC: 46    Str: 31    XL:     27
Magic:  0/63       EV: 22    Int: 11    God:    Okawaru [******]
Gold:   3986       SH: 25    Dex: 15    Spells: 55/60 levels left

rFire    + + .     SeeInvis +   h - +9 broad axe (flame)
rCold    + + +     Gourm    .   O - +5 shield {reflect}
rNeg     + + +     Faith    .   g - +13 plate armour of Xom {rF+ Int+2}
rPois    +         Spirit   +   P - +5 hat "Osupp" {*Drain rC- MP+9 Int+6}
rElec    +         Reflect  +   E - scarf {rC+ rF+}
rCorr    +         Harm     .   c - +2 pair of gloves {Str+3}
MR       +++++     Rnd*Rage +   r - +2 pair of boots of the Clam {+Blink rC++ MP+9 Int-4}
Stlth    +++++.....             p - necklace of Bloodlust {*Rage +Rage MR++ Int-3 Slay+6 *Curse} (curse)
HPRegen  2.17/turn              n - ring of Yxtin {rCorr rElec rPois Str+2 Int+2}
MPRegen  0.38/turn              B - ring of Tevavoiv {rPois rN+++ Str-2 Dex-3 SInv}

@: heroism, finesse, berserk cooldown, flying (expiring), slightly contaminated,
regenerating, hasted and slowed, studying Armour
A: fangs 3, blink, cold resistance 1, magic resistance 1, regeneration 2,
screaming 1, magic shield, antimagic bite, no potion heal 3, rot immunity
}: 3/15 runes: barnacled, silver, gossamer
a: Blink, Heroism, Finesse, Renounce Religion, Evoke Blink, Evoke Berserk Rage


You were on level 27 of a ziggurat.
You worshipped Okawaru.
Okawaru was exalted by your worship.
You were not hungry.

You visited 10 branches of the dungeon, and saw 48 of its levels.
You visited the Abyss 1 time.
You visited 1 ziggurat, and saw 27 of its levels.
You also visited: Labyrinth and Ice Cave.

You collected 8180 gold pieces.
You spent 4194 gold pieces at shops.

Inventory:

Hand Weapons
 b - a +4 broad axe of draining
 h - a +9 broad axe of flaming (weapon)
 y - the +7 broad axe of Watchfulness {freeze, rPois rC+ MR+ SInv}
   (You acquired it on level 2 of a ziggurat)

   It has been specially enchanted to freeze those struck by it, causing extra
   injury to most foes and up to half again as much damage against particularly
   susceptible opponents.
   It can also slow down cold-blooded creatures.
   It protects you from cold.
   It protects you from poison.
   It affects your resistance to hostile enchantments.
   It lets you see invisible.
 z - a +2 antimagic broad axe
 T - a +3 demon whip of electrocution
 V - a +9 sacred scourge of holy wrath
Missiles
 F - 16 silver javelins (quivered)
Armour
 c - a +2 pair of gloves of strength (worn)
 g - the +13 plate armour of Xom (worn) {rF+ Int+2}
   (You acquired it on level 2 of the Lair of Beasts)

   It affects your intelligence (+2).
   It protects you from fire.
 r - the +2 pair of boots of the Clam (worn) {+Blink rC++ MP+9 Int-4}
   (You acquired it on level 15 of the Dungeon)

   It affects your intelligence (-4).
   It greatly protects you from cold.
   It affects your magic capacity (+9).
   It lets you blink.
 w - the +13 plate armour of the Blue Skies {Dex+4 SInv}
   (Okawaru gifted it to you on level 5 of the Vaults)

   It affects your dexterity (+4).
   It lets you see invisible.
 D - the +9 scales of the Dragon King {rPois rF+ rC+ MR+}
   (You found it on level 15 of a ziggurat)

   It protects you from fire.
   It protects you from cold.
   It protects you from poison.
   It affects your resistance to hostile enchantments.
 E - a scarf of resistance (worn)
 O - a +5 shield of reflection (worn)
 P - the +5 hat "Osupp" (worn) {*Drain rC- MP+9 Int+6}
   (You found it in an ice cave)

   It affects your intelligence (+6).
   It makes you vulnerable to cold.
   It affects your magic capacity (+9).
   It causes draining when unequipped.
 Y - the +5 large shield of the Moon {rPois Dex+4}
   (You took it off Mennas on level 1 of the Crypt)

   It affects your dexterity (+4).
   It protects you from poison.
Jewellery
 n - the ring of Yxtin (left hand) {rCorr rElec rPois Str+2 Int+2}
   (You bought it in a shop on level 3 of the Depths)

   [ring of resist corrosion]

   It affects your strength (+2).
   It affects your intelligence (+2).
   It insulates you from electricity.
   It protects you from poison.
 p - the cursed necklace of Bloodlust (around neck) {*Rage +Rage MR++ Int-3 Slay+6 *Curse}
   (You found it on level 2 of a ziggurat)

   [amulet of rage]

   It affects your intelligence (-3).
   It affects your accuracy and damage with ranged weapons and melee attacks
   (+6).
   It affects your resistance to hostile enchantments.
   It lets you go berserk.
   It may make you go berserk in combat.
   It curses itself when equipped.
   It has a curse placed upon it.
 B - the ring of Tevavoiv (right hand) {rPois rN+++ Str-2 Dex-3 SInv}
   (You took it off a gnoll on level 9 of the Dungeon)

   [ring of poison resistance]

   It affects your strength (-2).
   It affects your dexterity (-3).
   It protects you from poison.
   It renders you almost immune to negative energy.
   It lets you see invisible.
 H - the ring "Lyunamoz" {rF+ rN+ Dex+3 Stlth+}
   (You found it on level 3 of the Crypt)

   [ring of positive energy]

   It affects your dexterity (+3).
   It protects you from fire.
   It protects you from negative energy.
   It makes you more stealthy.
 I - the ring "Wips" {rN+ Dex+7}
   (You found it on level 14 of a ziggurat)

   [ring of positive energy]

   It affects your dexterity (+7).
   It protects you from negative energy.
 J - the ring "Potzo" {Wiz rN+ Int+4 SInv}
   (You found it on level 16 of a ziggurat)

   [ring of wizardry]

   It improves your spell success rate.
   It affects your intelligence (+4).
   It protects you from negative energy.
   It lets you see invisible.
 K - the ring of Xom's Sleight of Hands {rF- AC+1 Str+4 Dex+7}
   (You found it on level 16 of a ziggurat)

   [ring of protection]

   It affects your AC (+1).
   It affects your strength (+4).
   It affects your dexterity (+7).
   It makes you vulnerable to fire.
 X - the ring of Kindness {Wiz Str+3 Int+4}
   (You found it on level 11 of a ziggurat)

   [ring of wizardry]

   It improves your spell success rate.
   It affects your strength (+3).
   It affects your intelligence (+4).
 Z - the ring of Evvau {rPois MR+++ Str-3 Int+3}
   (You found it on level 19 of a ziggurat)

   [ring of intelligence]

   It affects your strength (-3).
   It affects your intelligence (+3).
   It protects you from poison.
   It affects your resistance to hostile enchantments.
Wands
 L - a wand of digging (60)
Scrolls
 i - a scroll of fog
 j - 29 scrolls of teleportation
 m - 28 scrolls of remove curse
 o - 3 scrolls of identify
 t - 8 scrolls of immolation
 u - 10 scrolls of blinking
 G - 11 scrolls of magic mapping
 M - 9 scrolls of fear
 R - 8 scrolls of holy word
Potions
 d - 10 potions of might
 e - 13 potions of brilliance
 k - 9 potions of flight
 l - 23 potions of curing
 q - 6 potions of agility
 s - 5 potions of cancellation
 v - a potion of magic
 x - 4 potions of resistance
 A - 4 potions of haste
 C - 4 potions of berserk rage
 N - 9 potions of ambrosia
 S - a potion of mutation
 U - 8 potions of lignification
 W - 4 potions of invisibility
Books
 f - a manual of
Armour
 Q - a manual of Armour
Comestibles
 a - 65 rations


   Skills:
 + Level 24.0(27) Fighting
 - Level 17.5(23.0) Axes
 - Level 7.4(18.6) Maces & Flails
 + Level 17.6(22.6) Armour
 * Level 16.7(21.7) Dodging
 * Level 21.9(26.9) Stealth
 + Level 22.0(27) Shields
 + Level 17.3 Spellcasting
   Level 2.4 Hexes
 + Level 8.1 Charms
 - Level 8.1 Necromancy
 * Level 9.5 Translocations
 - Level 15.7 Invocations
 * Level 8.0 Evocations


You had 55 spell levels left.
You knew the following spells:

 Your Spells              Type           Power        Failure   Level  Hunger
a - Blink                 Tloc           N/A          1%          2    None
b - Regeneration          Chrm/Necr      ####......   2%          3    None


Dungeon Overview and Level Annotations

Branches:
Dungeon (15/15)            Temple (1/1) D:4            Lair (6/6) D:10
 Shoals (4/4) Lair:3       Spider (4/4) Lair:2        Slime (0/5) Lair:5
    Orc (2/2) D:9             Elf (3/3) Orc:2        Vaults (5/5) D:14
  Crypt (3/3) Vaults:2       Tomb (0/3) Crypt:3      Depths (5/5) D:15
    Zot (0/5) Depths:5

Altars:
Ashenzari
Cheibriados
Dithmenos
Elyvilon
Fedhas
Gozag
Hepliaklqana
Kikubaaqudgha
Makhleb
Nemelex Xobeh
Okawaru
Qazlal
Ru
Sif Muna
Trog
Vehumet
Xom
Yredelemnul
Zin
The Shining One
Beogh
Jiyva

Shops:
D:9 (   D:13 *   Orc:2 *:!*   Shoals:2 *   Vaults:1 !*   Vaults:5 (
Depths:1 %   Depths:2 =:[:   Depths:3 =}=   Depths:4 *[?

Portals:
Hell: Depths:1 Depths:2 Depths:3 Depths:4 Depths:5
Abyss: Depths:1 Depths:4
Pandemonium: Depths:3

Annotations:
D:12 exclusion: ice statue
Lair:1 exclusion: oklob plant
Lair:5 1 runed door


Innate Abilities, Weirdness & Mutations

You have razor-sharp teeth.
You heal very quickly.
When hurt, damage is shared between your health and your magic reserves.
Your bite disrupts and absorbs the magic of your enemies.
Potions cannot restore your health.
You are immune to rotting.
You can translocate small distances at will.
Your flesh is cold resistant. (rC+)
You are resistant to hostile enchantments. (MR+)
You occasionally shout uncontrollably at your foes.


Message History

You are engulfed in raging winds.
* * * LOW HITPOINT WARNING * * *
The winds around the air elemental start to calm down.
You block the air elemental's attack. You block the electric golem's attack.
The electric golem closely misses you. The electric golem barely misses you.
The electric golem hits you but does no damage.
The air elemental misses you.
The electric golem hurls lightning at you.
The bolt of lightning misses you. x2
You see here a potion of brilliance.
You are engulfed in raging winds.
You block the air elemental's attack. The air elemental barely misses you.
You block the spark wasp's attack.
The spriggan air mage waves its arms in wide circles.
The air twists around and violently strikes you in flight!
* * * LOW HITPOINT WARNING * * *
You block the spark wasp's attack.
The spriggan air mage gestures at you while chanting.
The bolt of lightning hits the spark wasp.
The spark wasp completely resists.
The bolt of lightning hits you! You resist.
You die...

.............▓
#...........▓▓
##............▓▓
...............▓
..........§§§§§▓▓
..........§§§§§§▓
...........iv§§§§§▓
.....i.....h§i§E8§▓
............§i§y@§▓
§§§§§§.....§§§§y§§§▓
§§§E§§......§§§§§§▓▓
§§§y§y.....iCS§§§§▓
§§§y§§.......)}})}▓
§§EE§§..........[)▓
§§y§.............▓▓
h§§Ei............▓
E.##h.....


You could see an electric golem, a titan, 2 spark wasps, a shock serpent, 4
spriggan air magi, a raiju, an air elemental and an insubstantial wisp.

Vanquished Creatures
  4 pandemonium lords
  6 ancient liches
  Mennas (Crypt:1)
  5 juggernauts
  Sojobo (Crypt:1)
  2 shard shrikes (Zig:14)
  Boris (Depths:5)
  Margery (Depths:1)
  Saint Roka (Depths:5)
  3 caustic shrikes (Zig:19)
  2 golden dragons
  4 profane servitors
  Arachne (Spider:2)
  A Tzitzimitl (Zig:26)
  A hellephant (Zig:26)
  2 Brimstone Fiends (Zig:26)
  9 bone dragons
  13 liches
  An electric golem (Zig:27)
  3 iron giants
  15 tentacled monstrosities
  4 Hell Sentinels
  7 titans
  6 deep elf blademasters
  17 acid blobs
  4 deep elf master archers
  4 tentacled starspawn
  Polyphemus (Shoals:3)
  4 Executioners (Zig:26)
  8 tengu reavers
  14 ancient champions
  Frances (Spider:2)
  3 sphinxes
  2 draconian monks
  8 storm dragons
  10 revenants
  5 shadow dragons
  A daeva (Depths:3)
  9 azure jellies
  4 blood saints (Zig:26)
  The ghost of Klosterheim the Warrior, an adept FoGl of Hepliaklqana (D:14)
  4 nagarajas (Zig:25)
  Ilsuiw (Shoals:4)
  9 orc warlords
  7 draconian knights (Zig:21)
  9 frost giants
  4 balrugs
  11 deep elf sorcerers
  7 ghost moths
  8 vault wardens
  3 warmongers (Zig:26)
  Aizul (Shoals:1)
  11 fire giants
  2 caustic shrike zombies (Zig:16)
  Louise (Elf:2)
  An emperor scorpion (shapeshifter) (Depths:4)
  5 iron dragons
  4 draconian scorchers
  A juggernaut zombie (Zig:8)
  12 emperor scorpions
  7 deep elf elementalists (Elf:3)
  13 ironheart preservers
  6 cacodemons
  11 curse skulls
  2 draconian shifters (Zig:21)
  2 angels
  7 ghouls
  13 reapers
  4 draconian stormcallers (Zig:21)
  7 draconian annihilators (Zig:21)
  25 stone giants
  9 war gargoyles
  3 spriggan defenders (Depths:4)
  14 entropy weavers
  14 very ugly things
  35 starcursed masses
  A caustic shrike skeleton (Crypt:2)
  An entropy weaver (shapeshifter) (Zig:7)
  16 vampire knights
  7 black suns (Zig:26)
  4 corrupters (Zig:26)
  6 green draconians
  5 yellow draconians
  15 deep elf demonologists
  18 deep elf annihilators
  4 lorocyprocas
  4 black draconians
  3 white draconians (Zig:21)
  3 red draconians (Zig:21)
  A minotaur (Lab)
  3 purple draconians
  A dire elephant (D:15)
  21 spark wasps
  11 ettins
  5 crystal guardians (Zig:19)
  17 deep elf death magi
  5 green deaths
  3 blizzard demons
  12 eidola
  12 merfolk javelineers
  Snorg (Lair:5)
  A quicksilver dragon zombie (Zig:16)
  2 death oozes (Zig:11)
  14 fire dragons
  22 jiangshi
  11 merfolk impalers
  12 deep elf high priests
  The ghost of PeterLawrence the Basher, a journeyman MiFi of Okawaru (Lair:2)
  32 vault guards
  21 yaktaur captains
  11 great orbs of eyes
  3 hell beasts
  4 alligator snapping turtles
  A merfolk avatar (Shoals:1)
  A hydra (shapeshifter) (Vaults:5)
  Erica (D:9)
  14 ogre magi
  5 rakshasas
  10 centaur warriors
  17 hydras
  16 ice dragons
  Harold (D:12)
  2 catoblepae
  A naga warrior (Zig:25)
  2 alligators (Zig:25)
  A satyr (Zig:12)
  11 merfolk aquamancers
  10 death knights
  4 spriggan air magi
  45 two-headed ogres
  A queen ant (Lair:6)
  36 dancing weapons
  2 hell hogs (Zig:8)
  22 vampire magi
  3 titan zombies
  13 deep troll earth magi
  9 death scarabs
  The ghost of Totori the Fighter, a novice OgFi of Okawaru (D:6)
  9 deep troll shamans
  9 orc high priests
  3 iron golems (Zig:19)
  7 tengu warriors
  8 shock serpents
  7 spriggan berserkers
  3 death yaks (Shoals:3)
  5 spriggans
  2 storm dragon zombies
  3 spectral emperor scorpions (Spider:4)
  9 soul eaters
  30 deep elf knights
  5 thrashing horrors
  2 sixfirhies
  7 wretched stars
  2 titan skeletons
  13 shadow wraiths
  40 skeletal warriors
  6 hell knights
  39 deep trolls
  A fire crab (Zig:5)
  2 spatial maelstroms (Zig:20)
  2 deep trolls (shapeshifter)
  A sea snake (shapeshifter) (Zig:13)
  An unseen horror (D:10)
  4 shadow demons (Zig:26)
  4 iron trolls
  A salamander mystic (Zig:25)
  3 golden dragon zombies
  4 wizards
  A death drake (shapeshifter) (Depths:2)
  13 sea snakes
  18 large abominations
  6 glowing orange brains
  A lindwurm (Lair:3)
  14 flayed ghosts
  2 swamp dragons
  An orange crystal statue (Zig:14)
  A spectral wolf spider (Spider:4)
  16 phantasmal warriors
  Pikel (D:7)
  15 deep elf archers
  21 harpies
  A harpy (shapeshifter) (D:15)
  8 necromancers
  A shadow dragon skeleton (Zig:8)
  A wolf spider zombie (D:15)
  4 shadow dragon zombies
  A stone giant zombie (Depths:1)
  15 ironbrand convokers
  84 deep elf magi
  19 orc knights
  A shining eye (Zig:18)
  A sphinx zombie (Zig:14)
  14 manticores
  A mana viper (Zig:25)
  42 wolf spiders
  A spectral fire dragon (Crypt:3)
  11 moths of wrath
  27 orb spiders
  6 cyclopes
  55 ugly things
  12 vault sentinels
  3 tengu skeletons
  6 fauns
  3 oklob plants (Zig:5)
  2 worldbinders
  2 frost giant zombies
  12 orc sorcerers
  10 elephants (Lair:6)
  11 guardian serpents
  A dire elephant zombie (Crypt:1)
  A salamander (shapeshifter) (Vaults:2)
  11 merfolk sirens
  4 fire giant skeletons
  A titan simulacrum (Vaults:4)
  4 apocalypse crabs
  3 rust devils (Zig:16)
  A black mamba (shapeshifter) (Depths:5)
  An eye of devastation (Zig:11)
  13 gargoyles
  An ice statue (IceCv)
  A naga mage (Zig:25)
  4 orange demons
  3 torpor snails
  14 spiny frogs
  12 water nymphs
  6 black mambas
  54 yaktaurs
  6 smoke demons
  6 hellions
  A spiny frog (shapeshifter) (Vaults:2)
  6 rime drakes
  An elephant slug zombie (Crypt:1)
  A komodo dragon (shapeshifter) (Zig:13)
  4 komodo dragons
  A yaktaur (shapeshifter) (Vaults:2)
  22 freezing wraiths
  A yaktaur zombie (Depths:1)
  19 demonic crawlers
  8 tormentors
  2 efreet
  7 ice devils
  6 spectral redbacks (Spider:4)
  3 redback zombies
  An ancient zyme (Zig:20)
  An orc skeleton (Vaults:2)
  2 black draconian skeletons (Crypt:1)
  3 hellwings (Zig:26)
  3 red devils
  47 merfolk
  A tengu conjurer (D:14)
  A troll (shapeshifter) (Depths:2)
  14 trolls
  17 hornets
  A merfolk (shapeshifter) (Zig:22)
  19 polar bears
  3 yaktaur skeletons (Vaults:2)
  2 wind drakes (shapeshifter)
  A harpy zombie (Crypt:2)
  A wolf spider simulacrum (IceCv)
  9 wind drakes
  2 spectral tarantellas (Spider:4)
  39 jumping spiders
  A slime creature (shapeshifter) (Zig:13)
  3 spectral jumping spiders (Spider:4)
  43 slime creatures
  10 blink frogs
  10 snapping turtles
  A fire dragon zombie (Crypt:3)
  16 raiju
  A hydra skeleton (Crypt:2)
  2 tyrant leeches (Zig:25)
  A tarantella zombie (Spider:4)
  A bog body (Crypt:2)
  2 dream sheep (D:9)
  A spriggan zombie (Zig:8)
  15 hippogriffs
  A stone giant simulacrum (Vaults:4)
  A frost giant simulacrum (Depths:1)
  17 water elementals
  2 ettin skeletons
  An ice dragon skeleton (Crypt:1)
  55 flying skulls
  36 tarantellas
  A redback (shapeshifter) (Zig:13)
  A satyr skeleton (Crypt:1)
  7 shadows
  6 ynoxinuls
  54 redbacks
  6 air elementals
  A wyvern (shapeshifter) (Vaults:3)
  15 wraiths
  4 elf zombies
  42 yaks
  A tyrant leech zombie (Crypt:1)
  8 basilisks
  A fire bat (Zig:20)
  7 fire elementals
  5 hungry ghosts
  A golden eye (Zig:18)
  4 steam dragons (Lair:6)
  3 humans (D:14)
  A black mamba skeleton (Crypt:2)
  12 wyverns
  A steam dragon (shapeshifter) (Vaults:5)
  8 vampire mosquitoes
  2 death yak simulacra (IceCv)
  An elf simulacrum (Zig:20)
  4 chaos spawn
  13 wargs
  5 neqoxecs (Zig:20)
  A yaktaur simulacrum (Vaults:3)
  25 soldier ants
  2 swamp worms (shapeshifter)
  3 insubstantial wisps (Zig:27)
  2 nagas (shapeshifter)
  A soldier ant (shapeshifter) (Depths:2)
  2 acid dragons
  Menkaure (D:4)
  A hydra simulacrum (Crypt:1)
  13 water moccasins
  7 porcupines
  3 floating eyes
  14 hell hounds
  3 hornet zombies
  A torturous demonspawn skeleton (Crypt:2)
  A black bear (shapeshifter) (Elf:3)
  14 black bears
  6 necrophages
  An ettin simulacrum (Crypt:1)
  13 ice beasts
  3 sky beasts
  81 orc warriors
  A phantom (D:9)
  A spectral hornet (Spider:4)
  A snapping turtle zombie (Crypt:1)
  A wolf (shapeshifter) (Zig:7)
  3 boggarts (Depths:2)
  An eye of draining (shapeshifter) (Vaults:2)
  3 eyes of draining
  38 wolves
  49 ogres
  A tengu (shapeshifter) (Vaults:3)
  31 centaurs
  An elf skeleton (Vaults:5)
  19 crocodiles
  4 big kobolds
  20 bullfrogs
  8 human skeletons
  10 earth elementals
  2 wyvern skeletons
  A warg zombie (Crypt:1)
  A shapeshifter zombie (Crypt:2)
  A water moccasin skeleton (D:6)
  6 scorpions
  14 small abominations
  An orc simulacrum (Vaults:1)
  6 killer bees (D:9)
  An elephant simulacrum (IceCv)
  18 wights
  3 howler monkeys
  A troll skeleton (Crypt:2)
  3 electric eels
  7 crimson imps
  3 human simulacra
  3 bullfrog zombies
  3 centaur zombies
  5 hounds
  36 orc priests
  4 jellies
  3 draconian simulacra (IceCv)
  A gnoll shaman (D:9)
  26 orc wizards
  Ijyb (D:3)
  2 bullfrog skeletons
  4 centaur skeletons
  5 iguanas
  Terence (D:2)
  A lightning spire (Zig:10)
  4 troll simulacra (IceCv)
  29 worker ants
  3 spriggan simulacra
  2 centaur simulacra (IceCv)
  A deep dwarf skeleton (Crypt:2)
  A dwarf skeleton (Crypt:2)
  2 hound zombies
  2 hound skeletons
  A mummy (Zig:1)
  5 worker ant zombies
  7 gnolls (D:9)
  5 naga simulacra (IceCv)
  4 ogre simulacra (IceCv)
  12 adders
  5 shadow imps
  19 white imps
  An ufetubus (Abyss:3)
  An adder zombie (D:7)
  2 adder skeletons
  A worm (D:3)
  4 dart slugs
  2 leopard geckos
  143 orcs
  4 giant cockroaches
  A gnoll zombie (Crypt:2)
  20 goblins
  A hobgoblin (shapeshifter) (Depths:2)
  9 hobgoblins
  20 jackals
  5 quokkas
  4 ball pythons
  6 bats
  6 frilled lizards
  A goblin zombie (Crypt:2)
  A jackal skeleton (Crypt:2)
  12 kobolds
  A kobold zombie (Crypt:1)
  A leopard gecko skeleton (D:7)
  A leopard gecko zombie (D:5)
  A quokka skeleton (D:4)
  13 rats
  A rat skeleton (Crypt:1)
  12 crawling corpses
  4 fungi
  A lurking horror (Abyss:3)
  19 plants
  5 starspawn tentacles
3489 creatures vanquished.

Vanquished Creatures (others)
  An electric golem (Zig:27)
  Asterion (Elf:1)
  5 deep elf master archers
  3 stone giants
  An entropy weaver (Zig:15)
  A deep elf annihilator (Elf:3)
  A deep elf death mage (Zig:24)
  4 merfolk javelineers
  A deep elf high priest (Zig:22)
  4 centaur warriors
  A deep elf knight (Vaults:4)
  2 deep elf archers
  3 harpies (Shoals:4)
  3 deep elf magi
  A faun (Zig:12)
  A cyclops (D:15)
  13 yaktaurs
  A merfolk (Zig:25)
  A hornet (shapeshifter) (Zig:22)
  A shadow (Crypt:1)
  A snapping turtle (Zig:12)
  An insubstantial wisp (Zig:27)
  2 boggarts (Depths:2)
  A crocodile (Lair:6)
  8 centaurs
  An earth elemental (Zig:19)
  A jelly (shapeshifter) (Vaults:5)
  An orc wizard (Orc:2)
  3 crawling corpses (Elf:3)
  8 fungi
  61 plants
  A starspawn tentacle (Zig:20)
138 creatures vanquished.

Grand Total: 3627 creatures vanquished

Notes
Turn   | Place    | Note
-------+----------+-------------------------------------------
     0 | D:1      | Kairos the Vine Stalker Fighter began the quest for the Orb.
     0 | D:1      | Reached XP level 1. HP: 11/11 MP: 2/2
   197 | D:1      | Reached XP level 2. HP: 16/16 MP: 1/3
   710 | D:2      | Reached XP level 3. HP: 8/19 MP: 1/4
  1193 | D:2      | Reached skill level 3 in Fighting
  1196 | D:2      | Noticed Terence
  1210 | D:2      | Killed Terence
  1210 | D:2      | Gained mutation: Your natural rate of healing is unusually fast. [Vine Stalker growth]
  1210 | D:2      | Reached XP level 4. HP: 21/24 MP: 5/5
  1848 | D:3      | Reached XP level 5. HP: 27/28 MP: 6/6
  2113 | D:3      | Noticed Ijyb
  2118 | D:3      | Killed Ijyb
  2731 | D:4      | Reached XP level 6. HP: 32/32 MP: 7/7
  2804 | D:4      | Noticed Menkaure
  2813 | D:4      | Killed Menkaure
  3007 | D:4      | Found a staircase to the Ecumenical Temple.
  3012 | Temple   | Entered the Ecumenical Temple
  3092 | Temple   | Became a worshipper of Warmaster Okawaru
  3666 | D:5      | Entered Level 5 of the Dungeon
  3714 | D:5      | Reached XP level 7. HP: 13/36 MP: 3/8
  3764 | D:5      | Got an encrusted buckler
  3775 | D:5      | Identified the cursed -5 buckler of Kiri Yck {Str-3 Dex+5 SInv} (You found it on level 5 of the Dungeon)
  4080 | D:5      | Reached * piety under Okawaru
  4080 | D:5      | Reached skill level 1 in Dodging
  4141 | D:5      | Gained mutation: You have razor-sharp teeth. [Vine Stalker growth]
  4141 | D:5      | Reached XP level 8. HP: 42/42 MP: 9/9
  4178 | D:5      | Reached skill level 1 in Stealth
  4524 | D:5      | Reached skill level 5 in Axes
  4524 | D:5      | Reached skill level 5 in Armour
  4600 | D:6      | Noticed a two-headed ogre
  4620 | D:6      | Killed a two-headed ogre
  4620 | D:6      | Reached ** piety under Okawaru
  4620 | D:6      | Reached *** piety under Okawaru
  4620 | D:6      | Reached skill level 4 in Fighting
  4620 | D:6      | Reached skill level 5 in Shields
  4620 | D:6      | Reached skill level 1 in Evocations
  4620 | D:6      | Reached XP level 9. HP: 26/46 MP: 7/10
  5008 | D:6      | Noticed Totori's ghost (novice OgFi)
  5028 | D:6      | Killed Totori's ghost
  5028 | D:6      | Reached **** piety under Okawaru
  5028 | D:6      | Reached skill level 5 in Fighting
  5035 | D:6      | Learned a level 2 spell: Blink
  5506 | D:7      | Reached ***** piety under Okawaru
  6045 | D:7      | Reached skill level 5 in Maces & Flails
  6053 | D:7      | Reached XP level 10. HP: 42/51 MP: 11/11
  6274 | D:7      | Noticed Pikel
  6308 | D:7      | Killed Pikel
  7569 | D:8      | Found a snail-covered altar of Cheibriados.
  7569 | D:8      | Found a glowing golden altar of the Shining One.
  7797 | D:9      | Noticed a three-headed hydra
  7808 | D:9      | Killed a three-headed hydra
  7808 | D:9      | Received a gift from Okawaru
  7853 | D:9      | Got a wavering glass ring
  7882 | D:9      | Found a runed door.
  7913 | D:9      | Reached skill level 6 in Fighting
  7918 | D:9      | Reached XP level 11. HP: 35/58 MP: 9/12
  8195 | D:9      | Found a staircase to the Orcish Mines.
  8455 | D:9      | Noticed Erica
  8480 | D:9      | Killed Erica
  8480 | D:9      | Received a gift from Okawaru
  8481 | D:9      | Found Ikola's Weapon Shoppe.
  8485 | D:9      | Identified the ring of Tevavoiv {rPois rN+++ Str-2 Dex-3 SInv} (You took it off a gnoll on level 9 of the Dungeon)
  8989 | D:9      | Noticed a tengu warrior
  9010 | D:9      | Killed a tengu warrior
  9010 | D:9      | Reached skill level 7 in Fighting
  9082 | D:10     | Entered Level 10 of the Dungeon
  9127 | D:10     | Found a staircase to the Lair.
  9182 | D:10     | Noticed an unseen horror
  9194 | D:10     | Killed an unseen horror
  9732 | Lair:1   | Entered Level 1 of the Lair of Beasts
 10130 | Lair:1   | Received a gift from Okawaru
 10222 | Lair:1   | Gained mutation: You heal very quickly. [Vine Stalker growth]
 10222 | Lair:1   | Reached XP level 12. HP: 42/63 MP: 13/13
 11013 | Lair:2   | Reached skill level 1 in Invocations
 11066 | Lair:2   | Found a hole to the Spider Nest.
 11180 | Lair:2   | Noticed a five-headed hydra
 11187 | Lair:2   | Received a gift from Okawaru
 11189 | Lair:2   | Killed a two-headed hydra
 11218 | Lair:2   | Noticed PeterLawrence's ghost (journeyman MiFi)
 11280 | Lair:2   | Killed PeterLawrence's ghost
 12068 | Lair:3   | Reached skill level 8 in Fighting
 12133 | Lair:3   | Noticed an eight-headed hydra
 12133 | Lair:3   | Noticed an eight-headed hydra
 12145 | Lair:3   | Killed a five-headed hydra
 12145 | Lair:3   | Reached skill level 10 in Axes
 12145 | Lair:3   | Reached skill level 5 in Dodging
 12150 | Lair:3   | Killed a three-headed hydra
 12324 | Lair:3   | Found a staircase to the Shoals.
 12380 | Lair:3   | Reached XP level 13. HP: 58/68 MP: 12/15
 12483 | Lair:3   | Paralysed by a hornet for 1 turns
 13275 | Lair:4   | Received a gift from Okawaru
 14499 | Lair:5   | Found a runed door.
 14616 | Lair:5   | Reached skill level 9 in Fighting
 14872 | Lair:5   | Found the +7 great mace "Firestarter" {inner flame, rF++}
 14979 | Lair:5   | Found a viscous altar of Jiyva.
 14980 | Lair:5   | Found a staircase to the Slime Pits.
 15228 | Lair:5   | Reached XP level 14. HP: 75/75 MP: 16/16
 15326 | Lair:6   | Entered Level 6 of the Lair of Beasts
 15336 | Lair:6   | Noticed Snorg
 15338 | Lair:6   | Received a gift from Okawaru
 15567 | Lair:5   | Killed Snorg
 15776 | Lair:6   | Noticed an entropy weaver
 16028 | Lair:6   | Killed an entropy weaver
 16199 | Lair:6   | Noticed an entropy weaver
 16213 | Lair:6   | Killed an entropy weaver
 16348 | Lair:6   | Received a gift from Okawaru
 17148 | Lair:6   | Reached skill level 10 in Shields
 17655 | Lair:6   | Reached skill level 10 in Fighting
 17778 | Lair:6   | Reached XP level 15. HP: 62/80 MP: 18/18
 18435 | Lair:2   | Identified a scroll of acquirement
 18449 | Lair:2   | Got an ancient plate armour
 18460 | Lair:2   | Identified the +13 plate armour of Xom {rF+ Int+2} (You acquired it on level 2 of the Lair of Beasts)
 18492 | Spider:1 | Entered Level 1 of the Spider Nest
 18509 | Spider:1 | Received a gift from Okawaru
 19091 | Spider:2 | Noticed Frances
 19123 | Spider:2 | Killed Frances
 19577 | Spider:2 | Noticed Arachne
 19593 | Spider:2 | Killed Arachne
 19593 | Spider:2 | Received a gift from Okawaru
 19625 | Spider:2 | Got a polished scale mail
 19636 | Spider:2 | Identified the cursed +0 scale mail of the Iron City of Dis {rPois Int+3} (You found it on level 2 of the Spider Nest)
 21206 | Spider:3 | Reached skill level 11 in Fighting
 21215 | Spider:3 | Noticed a ghost moth
 21234 | Spider:3 | Killed a ghost moth
 21234 | Spider:3 | Reached XP level 16. HP: 59/87 MP: 0/19
 21952 | Spider:4 | Entered Level 4 of the Spider Nest
 22017 | Spider:4 | Received a gift from Okawaru
 22477 | Spider:4 | Reached skill level 15 in Axes
 22772 | Spider:4 | Received a gift from Okawaru
 23326 | Spider:4 | Reached skill level 10 in Armour
 23671 | Spider:4 | Reached XP level 17. HP: 93/93 MP: 21/21
 23750 | Spider:4 | Received a gift from Okawaru
 23908 | Spider:4 | Got a gossamer rune of Zot
 24196 | Shoals:1 | Entered Level 1 of the Shoals
 24474 | Shoals:1 | Noticed Aizul
 24499 | Shoals:1 | Killed Aizul
 24499 | Shoals:1 | Reached skill level 12 in Fighting
 25216 | Shoals:2 | Found Bifreip's Bounteous Boutique.
 25236 | Shoals:2 | Identified the Handbook of the Frostbite
 25253 | Shoals:2 | Bought a potion of berserk rage for 80 gold pieces
 25530 | Shoals:2 | Learned a level 3 spell: Regeneration
 25839 | Shoals:3 | Received a gift from Okawaru
 26187 | Shoals:3 | Noticed Polyphemus
 26212 | Shoals:3 | Killed Polyphemus
 26628 | Shoals:4 | Entered Level 4 of the Shoals
 27290 | Shoals:4 | Reached XP level 18. HP: 51/98 MP: 14/22
 27488 | Shoals:4 | Got an iridescent dire flail
 27563 | Shoals:4 | Got a barnacled rune of Zot
 28299 | Shoals:4 | Noticed Ilsuiw
 28319 | Shoals:4 | Killed Ilsuiw
 28365 | Shoals:4 | Identified the Tome of Feathery Transmigration
 28718 | Orc:1    | Entered Level 1 of the Orcish Mines
 28851 | Orc:2    | Entered Level 2 of the Orcish Mines
 28922 | Orc:2    | Received a gift from Okawaru
 29210 | Orc:2    | Found a roughly hewn altar of Beogh.
 29320 | Orc:2    | Found Lumyiz's Assorted Antiques.
 29347 | Orc:2    | Bought an encrusted onyx ring for 160 gold pieces
 29355 | Orc:2    | Found Moinuomn's Book Shoppe.
 29776 | Orc:2    | Found a staircase to the Elven Halls.
 29855 | Orc:2    | Found a roughly hewn altar of Beogh.
 29902 | Orc:2    | Found Bistrut's Distillery.
 29983 | Orc:2    | Found Osipuyggo's General Store.
 30382 | Orc:2    | Bought a potion of brilliance for 56 gold pieces
 30382 | Orc:2    | Bought a potion of curing for 42 gold pieces
 30382 | Orc:2    | Bought a potion of brilliance for 56 gold pieces
 30382 | Orc:2    | Bought a potion of mutation for 112 gold pieces
 30382 | Orc:2    | Bought a potion of mutation for 112 gold pieces
 30382 | Orc:2    | Bought a potion of might for 56 gold pieces
 30382 | Orc:2    | Gained mutation: You are partially covered in rugged brown scales. (AC +1, +3% HP) [potion of mutation]
 30382 | Orc:2    | Gained mutation: Your magical capacity is low. (-10% MP) [potion of mutation]
 30382 | Orc:2    | Gained mutation: You are weak. (Str -2) [potion of mutation]
 30382 | Orc:2    | Lost mutation: Your magical capacity is low. (-10% MP) [potion of mutation]
 30383 | Orc:2    | Lost mutation: You are weak. (Str -2) [potion of mutation]
 30383 | Orc:2    | Gained mutation: Your body sometimes deteriorates upon taking damage. [potion of mutation]
 30383 | Orc:2    | Gained mutation: You expend magic power (3 MP) to strengthen your wands. [potion of mutation]
 30384 | Orc:2    | Lost mutation: Your body sometimes deteriorates upon taking damage. [potion of mutation]
 30384 | Orc:2    | Lost mutation: You are partially covered in rugged brown scales. (AC +1, +3% HP) [potion of mutation]
 30384 | Orc:2    | Lost mutation: You expend magic power (3 MP) to strengthen your wands. [potion of mutation]
 30384 | Orc:2    | Gained mutation: You are dopey. (Int -2) [potion of mutation]
 30384 | Orc:2    | Gained mutation: You have large cloven feet. [potion of mutation]
 30624 | Lair:6   | Got an iridescent demon whip {god gift}
 30625 | Lair:6   | Identified the +5 demon whip "Wour Lunk" {pain, rPois rC- MR+ Int+2} (Okawaru gifted it to you on level 6 of the Lair of Beasts)
 30817 | D:11     | Paralysed by a hornet for 1 turns
 30874 | D:11     | Found a frozen archway.
 30892 | IceCv    | Entered an ice cave
 31059 | IceCv    | Found an ancient bone altar of Kikubaaqudgha.
 31176 | IceCv    | Reached skill level 13 in Fighting
 31240 | IceCv    | Got a dazzling hat
 31251 | IceCv    | Identified the +5 hat "Osupp" {*Drain rC- MP+9 Int+6} (You found it in an ice cave)
 31506 | D:11     | Reached skill level 5 in Invocations
 31731 | D:11     | Reached skill level 1 in Spellcasting
 31896 | D:11     | Got a pair of brightly glowing boots
 31907 | D:11     | Identified the +0 pair of boots of Xaush {-Cast rElec rF++ rCorr} (You found it on level 11 of the Dungeon)
 32344 | D:12     | Noticed Harold
 32362 | D:12     | Killed Harold
 33009 | D:13     | Found Fanunga's General Store.
 33147 | D:13     | Bought a scroll of enchant armour for 127 gold pieces
 33147 | D:13     | Bought a scroll of immolation for 59 gold pieces
 33147 | D:13     | Bought a scroll of identify for 34 gold pieces
 33695 | D:14     | Found a gate to the Vaults.
 33707 | D:14     | Reached XP level 19. HP: 105/105 MP: 23/23
 33919 | D:14     | Received a gift from Okawaru
 33997 | D:14     | Found a shadowy altar of Dithmenos.
 34012 | D:14     | Noticed Klosterheim's ghost (adept FoGl)
 34043 | D:14     | Killed Klosterheim's ghost
 34255 | Vaults:1 | Entered Level 1 of the Vaults
 34269 | Vaults:1 | Found Hockuoc's Assorted Antiques.
 34273 | Vaults:1 | Found Rurphist's Distillery.
 34317 | Vaults:1 | Bought a scroll of enchant armour for 255 gold pieces
 34317 | Vaults:1 | Bought a square amethyst amulet for 170 gold pieces
 34417 | Vaults:1 | Reached ****** piety under Okawaru
 34495 | Vaults:1 | Received a gift from Okawaru
 34754 | Vaults:1 | Reached skill level 14 in Fighting
 34959 | Vaults:1 | Got a wavering crystal amulet
 34961 | Vaults:1 | Identified the amulet of Wodohav {Gourm rF- rN+ Int+2 Dex+4} (You found it on level 1 of the Vaults)
 35071 | Vaults:1 | Reached skill level 5 in Spellcasting
 35660 | Vaults:1 | Received a gift from Okawaru
 36224 | Vaults:2 | Reached XP level 20. HP: 100/112 MP: 29/29
 36326 | Vaults:2 | Reached skill level 15 in Shields
 36381 | Vaults:2 | Reached skill level 1 in Necromancy
 36410 | Vaults:2 | Received a gift from Okawaru
 36877 | Vaults:2 | Reached skill level 15 in Fighting
 36921 | Vaults:2 | Found a staircase to the Crypt.
 38236 | Vaults:3 | Received a gift from Okawaru
 38705 | Vaults:3 | Reached skill level 16 in Fighting
 39342 | Vaults:4 | Reached skill level 5 in Necromancy
 39342 | Vaults:4 | Reached XP level 21. HP: 114/119 MP: 30/30
 40670 | Elf:1    | Entered Level 1 of the Elven Halls
 40702 | Elf:1    | Received a gift from Okawaru
 40705 | Elf:1    | Got an ichor-stained chain mail {god gift}
 40723 | Elf:1    | Identified the +6 chain mail of Impermeability {+Inv rPois} (Okawaru gifted it to you on level 1 of the Elven Halls)
 40986 | Elf:1    | Reached skill level 1 in Charms
 41071 | Elf:1    | Reached skill level 5 in Stealth
 41192 | Elf:1    | Noticed Asterion
 41200 | Elf:1    | Killed Asterion
 41773 | Elf:2    | Found a radiant altar of Vehumet.
 41886 | Elf:2    | Reached skill level 17 in Fighting
 41946 | Elf:2    | Noticed Louise
 41962 | Elf:2    | Killed Louise
 42223 | Elf:2    | Found a huge runed gate.
 42223 | Elf:2    | Found a huge runed gate.
 42228 | Elf:2    | Found a huge runed gate.
 42228 | Elf:2    | Found a huge runed gate.
 42228 | Elf:2    | Found a huge runed gate.
 42455 | Elf:2    | Reached XP level 22. HP: 127/127 MP: 31/31
 42725 | Elf:3    | Entered Level 3 of the Elven Halls
 42956 | Elf:3    | Received a gift from Okawaru
 42959 | Elf:3    | Got jewelled swamp dragon scales {god gift}
 42970 | Elf:3    | Identified the +1 swamp dragon scales "Emunaih" {rElec rPois rC+ rN++ Str+2} (Okawaru gifted it to you on level 3 of the Elven Halls)
 43437 | Elf:3    | Cast into level 3 of the Abyss (a deep elf demonologist)
 43497 | Abyss:3  | Found a corrupted altar of Lugonu.
 43853 | Abyss:3  | Found a corrupted altar of Lugonu.
 44090 | Elf:3    | Escaped the Abyss
 44357 | Elf:3    | Got a sparkling bronze ring
 44359 | Elf:3    | Identified the ring of Oschuoth {Fire Str+3} (You took it off a deep elf death mage on level 3 of the Elven Halls)
 44500 | Elf:3    | Reached skill level 5 in Charms
 44564 | Elf:3    | Reached skill level 18 in Fighting
 44599 | Elf:3    | Received a gift from Okawaru
 44648 | Elf:3    | Reached skill level 10 in Dodging
 44648 | Elf:3    | Reached XP level 23. HP: 125/133 MP: 32/32
 44738 | Elf:3    | Identified The Handbook of Greatest Risks and Utility
 44759 | Elf:3    | Got an iridescent hunting sling
 44760 | Elf:3    | Identified the +7 hunting sling "Otiduona" {flame, Stlth+} (You found it on level 3 of the Elven Halls)
 45009 | Elf:3    | Identified the cursed +0 pair of gloves "Ulushromp" {MR+ Str-4 SInv} (You found it on level 3 of the Elven Halls)
 45584 | Crypt:1  | Entered Level 1 of the Crypt
 45690 | Crypt:1  | Noticed Mennas
 45707 | Crypt:1  | Noticed Sojobo
 45726 | Crypt:1  | Killed Mennas
 45733 | Crypt:1  | Got a spiked large shield
 45946 | Crypt:1  | Identified the +5 large shield of the Moon {rPois Dex+4} (You took it off Mennas on level 1 of the Crypt)
 46379 | Crypt:1  | Killed Sojobo
 46388 | Crypt:1  | Reached skill level 10 in Stealth
 46933 | Crypt:2  | Received a gift from Okawaru
 47117 | Crypt:2  | Identified the ring of Noon {rElec MR+ MP+9} (You acquired it on level 2 of the Crypt)
 47535 | Crypt:2  | Reached skill level 19 in Fighting
 48152 | Crypt:3  | Entered Level 3 of the Crypt
 48192 | Crypt:3  | Identified the +2 ring mail of Life {-Tele MR+ Str+4} (You found it on level 3 of the Crypt)
 48321 | Crypt:3  | Found a basalt altar of Yredelemnul.
 48372 | Crypt:3  | Received a gift from Okawaru
 48633 | Crypt:3  | Reached XP level 24. HP: 133/140 MP: 35/35
 48900 | Crypt:3  | Got a brightly glowing ivory ring
 48902 | Crypt:3  | Identified the ring of Kefiahab {rElec rC+ rN+ Str-5} (You took it off a deep elf death mage on level 3 of the Crypt)
 49006 | Crypt:3  | Got a bound ivory ring
 49007 | Crypt:3  | Identified the ring "Lyunamoz" {rF+ rN+ Dex+3 Stlth+} (You found it on level 3 of the Crypt)
 49010 | Crypt:3  | Got a fine tin ring
 49011 | Crypt:3  | Identified the ring of Dienwiun {rN+ SInv} (You found it on level 3 of the Crypt)
 49055 | Crypt:3  | Found a staircase to the Tomb.
 49230 | Crypt:3  | Received a gift from Okawaru
 49865 | Vaults:5 | Entered Level 5 of the Vaults
 49925 | Vaults:5 | Received a gift from Okawaru
 49948 | Vaults:5 | Identified the +13 plate armour of the Blue Skies {Dex+4 SInv} (Okawaru gifted it to you on level 5 of the Vaults)
 50516 | Vaults:5 | Reached skill level 20 in Fighting
 50622 | Vaults:5 | Reached XP level 25. HP: 111/147 MP: 37/37
 50989 | Vaults:5 | Received a gift from Okawaru
 51158 | Vaults:5 | Found Ysieriv's Weapon Shop.
 51648 | Vaults:5 | Got a silver rune of Zot
 51961 | Vaults:1 | Bought 2 potions of brilliance for 144 gold pieces
 51961 | Vaults:1 | Bought a potion of agility for 72 gold pieces
 51961 | Vaults:1 | Bought a potion of invisibility for 144 gold pieces
 51975 | Vaults:1 | Bought a scroll of identify for 68 gold pieces
 52015 | D:15     | Entered Level 15 of the Dungeon
 52019 | D:15     | Found a staircase to the Depths.
 52038 | D:15     | Found a labyrinth entrance.
 52041 | D:15     | Found the +5 robe of Night {Dark MR+ SInv}
 52066 | Lab      | Entered a labyrinth
 53632 | Lab      | Got a steaming lead ring
 53634 | Lab      | Identified the ring of Ossu Cywk {+Fly rN+} (You found it in a labyrinth)
 53684 | D:15     | Got a pair of fine boots
 53695 | D:15     | Identified the +2 pair of boots of the Clam {+Blink rC++ MP+9 Int-4} (You acquired it on level 15 of the Dungeon)
 53775 | D:15     | Reached skill level 15 in Armour
 54372 | D:15     | Found a shimmering altar of Xom.
 54647 | D:15     | Found a glowing golden altar of the Shining One.
 54849 | Depths:1 | Entered Level 1 of the Depths
 54880 | Depths:1 | Reached skill level 10 in Spellcasting
 55041 | Depths:1 | Reached skill level 10 in Invocations
 55208 | Depths:1 | Found Yskocobb's Food Shoppe.
 55236 | Depths:1 | Noticed Margery
 55273 | Depths:1 | Killed Margery
 55295 | Depths:1 | Found a gateway to Hell.
 55296 | Depths:1 | Found a one-way gate to the infinite horrors of the Abyss.
 55418 | Depths:1 | Received a gift from Okawaru
 55418 | Depths:1 | Reached XP level 26. HP: 147/153 MP: 38/38
 55809 | Depths:2 | Found a gateway to a ziggurat.
 56314 | Depths:2 | Found Igafaur's Book Shop.
 56534 | Depths:2 | Found Zeecleoja's Food Boutique.
 56534 | Depths:2 | Found Ninerhuiz's Antique Armour Boutique.
 56537 | Depths:2 | Found Babing's Jewellery Boutique.
 56537 | Depths:2 | Found Ciuzobay's Book Boutique.
 56693 | Depths:2 | Bought a pair of bloodstained gloves for 285 gold pieces
 56700 | Depths:2 | Identified the +2 pair of gloves of the Dragon {rElec rF++ Regen+ Str-4} (You bought it in a shop on level 2 of the Depths)
 56871 | Depths:2 | Found the +7 longbow "Piercer" {penet, EV-2}
 56871 | Depths:2 | Found the +8 autumn katana {slice, Clar}
 57349 | Depths:3 | Received a gift from Okawaru
 57409 | Depths:3 | Lost mutation: You are dopey. (Int -2) [potion of mutation]
 57409 | Depths:3 | Gained mutation: You evolve. [potion of mutation]
 57409 | Depths:3 | Gained mutation: Your body sometimes deteriorates upon taking damage. [potion of mutation]
 57409 | Depths:3 | Gained mutation: You are partially covered in molten scales. (AC +2) [potion of mutation]
 57409 | Depths:3 | Gained mutation: You possess an exceptional clarity of mind. [potion of mutation]
 57777 | Depths:3 | Found a one-way gate leading to the halls of Pandemonium.
 57876 | Depths:3 | Found Vaifo's Jewellery Boutique.
 57876 | Depths:3 | Found Kudox's Gadget Emporium.
 57877 | Depths:3 | Found Soefyeng's Jewellery Boutique.
 57891 | Depths:3 | Bought an uncursed ring of protection from magic for 425 gold pieces
 58042 | Depths:3 | Gained mutation: You are partially covered in slimy green scales. (AC +2) [evolution]
 58106 | Depths:3 | Identified the +0 cloak of Leopn {-Cast rElec rC+ rCorr} (You found it on level 3 of the Depths)
 58296 | Depths:4 | Paralysed by a floating eye for 2 turns
 58316 | Depths:4 | Found Gaploota's General Store.
 58334 | Depths:4 | Bought a potion of might for 60 gold pieces
 58375 | Depths:4 | Identified the ring "Suseuzxit" {rElec Slay+2} (You took it off an orc wizard on level 4 of the Depths)
 58461 | Depths:4 | Paralysed by a floating eye for 3 turns
 58524 | Depths:4 | Reached skill level 21 in Fighting
 58720 | Depths:4 | Received a gift from Okawaru
 58885 | Depths:4 | Found Doadghed's Magic Scroll Emporium.
 58895 | Depths:4 | Bought a scroll of teleportation for 51 gold pieces
 58895 | Depths:4 | Bought 3 scrolls of enchant weapon for 382 gold pieces
 58895 | Depths:4 | Bought a scroll of identify for 34 gold pieces
 58910 | Depths:4 | Reached XP level 27. HP: 159/159 MP: 39/39
 58937 | Depths:4 | Identified the ring of the King {+Fly rElec rPois} (You took it off a vampire knight on level 4 of the Depths)
 58953 | Depths:4 | Noticed a juggernaut
 58971 | Depths:4 | Killed a juggernaut
 59024 | Depths:4 | Found Homi's Antique Armour Emporium.
 59038 | Depths:4 | Bought a pair of polished boots for 418 gold pieces
 59038 | Depths:4 | Identified the cursed -3 pair of boots "Siecips" {rF- rC+ Regen+ Int+4} (You bought it in a shop on level 4 of the Depths)
 59076 | Depths:4 | Identified the ring of the Invisible Hand {rF- rC+ Str+5} (You found it on level 4 of the Depths)
 59098 | Depths:4 | Reached skill level 15 in Stealth
 59230 | Depths:5 | Entered Level 5 of the Depths
 59256 | Depths:5 | Noticed Saint Roka
 59273 | Depths:5 | Killed Saint Roka
 59277 | Depths:5 | Noticed Boris
 59305 | Depths:5 | Killed Boris
 59619 | Depths:5 | Received a gift from Okawaru
 60097 | Depths:5 | Found a gate to the Realm of Zot.
 60376 | Depths:3 | Bought the ring of Yxtin {rCorr rElec rPois Str+2 Int+2} for 792 gold pieces
 60470 | Zig:1    | Entered Level 1 of a ziggurat
 60488 | Zig:2    | Entered Level 2 of a ziggurat
 60488 | Zig:2    | Found the cursed necklace of Bloodlust {*Rage +Rage MR++ Int-3 Slay+6 *Curse}
 60510 | Zig:2    | Got a twisted broad axe
 60511 | Zig:2    | Identified the +7 broad axe of Watchfulness {freeze, rPois rC+ MR+ SInv} (You acquired it on level 2 of a ziggurat)
 60516 | Zig:3    | Entered Level 3 of a ziggurat
 60543 | Zig:4    | Entered Level 4 of a ziggurat
 60565 | Zig:4    | Received a gift from Okawaru
 60615 | Zig:4    | Got a jewelled hand crossbow
 60618 | Zig:5    | Entered Level 5 of a ziggurat
 60671 | Zig:5    | Identified the Incunabulum of the Dark Oath
 60689 | Zig:6    | Entered Level 6 of a ziggurat
 60694 | Zig:6    | Noticed Itzuxu the pandemonium lord
 60713 | Zig:6    | Killed Itzuxu the pandemonium lord
 60761 | Zig:7    | Entered Level 7 of a ziggurat
 60765 | Zig:7    | Noticed Ugappog the pandemonium lord
 60765 | Zig:7    | Noticed Paec the pandemonium lord
 60801 | Zig:7    | Killed Paec the pandemonium lord
 60802 | Zig:7    | Killed Ugappog the pandemonium lord
 60830 | Zig:8    | Entered Level 8 of a ziggurat
 61035 | Zig:9    | Entered Level 9 of a ziggurat
 61115 | Zig:10   | Entered Level 10 of a ziggurat
 61169 | Zig:10   | Received a gift from Okawaru
 61346 | Zig:11   | Entered Level 11 of a ziggurat
 61421 | Zig:11   | Got a smoking turquoise ring
 61435 | Zig:11   | Identified the ring of Kindness {Wiz Str+3 Int+4} (You found it on level 11 of a ziggurat)
 61583 | Zig:12   | Entered Level 12 of a ziggurat
 61870 | Zig:13   | Entered Level 13 of a ziggurat
 61924 | Zig:13   | Reached skill level 22 in Fighting
 61955 | Zig:13   | Identified Vuucig's Collected Works on Cloudy Enhancements
 61984 | Zig:14   | Entered Level 14 of a ziggurat
 62037 | Zig:14   | Received a gift from Okawaru
 62232 | Zig:14   | Identified the ring "Wips" {rN+ Dex+7} (You found it on level 14 of a ziggurat)
 62235 | Zig:14   | Identified the +3 broad axe of Currency {chop, +Rage rElec} (You found it on level 14 of a ziggurat)
 62265 | Zig:14   | Identified the cursed +1 plate armour of the Engineer {rN++ Str+3 Slay+2} (You found it on level 14 of a ziggurat)
 62340 | Zig:14   | Lost mutation: You have large cloven feet. [potion of mutation]
 62340 | Zig:14   | Lost mutation: You are partially covered in molten scales. (AC +2) [potion of mutation]
 62340 | Zig:14   | Gained mutation: Your flesh is cold resistant. (rC+) [potion of mutation]
 62340 | Zig:14   | Gained mutation: Your muscles are strong. (Str +2) [potion of mutation]
 62369 | Zig:15   | Entered Level 15 of a ziggurat
 62487 | Zig:15   | Found the +9 scales of the Dragon King {rPois rF+ rC+ MR+}
 62642 | Zig:15   | Identified Gutoal's Tome of the Igneous Rocks
 62687 | Zig:16   | Entered Level 16 of a ziggurat
 62884 | Zig:16   | Identified the ring "Potzo" {Wiz rN+ Int+4 SInv} (You found it on level 16 of a ziggurat)
 62886 | Zig:16   | Identified the ring of the Final Wonders {*Tele Dex+3} (You found it on level 16 of a ziggurat)
 62889 | Zig:16   | Identified the ring of Xom's Sleight of Hands {rF- AC+1 Str+4 Dex+7} (You found it on level 16 of a ziggurat)
 62891 | Zig:16   | Identified the amulet of Noank {Acrobat Dex+4} (You found it on level 16 of a ziggurat)
 62909 | Zig:16   | Got a twitching golden ring
 62911 | Zig:16   | Identified the ring of the Queen {Fire *Contam rN+ Int+2} (You found it on level 16 of a ziggurat)
 62921 | Zig:16   | Gained mutation: You occasionally shout uncontrollably at your foes. [mutagenic glow]
 63100 | Zig:17   | Entered Level 17 of a ziggurat
 63162 | Zig:17   | Received a gift from Okawaru
 63166 | Zig:17   | Noticed a juggernaut
 63185 | Zig:17   | Killed a juggernaut
 63194 | Zig:17   | Noticed a juggernaut
 63215 | Zig:17   | Killed a juggernaut
 63216 | Zig:17   | Noticed a juggernaut
 63224 | Zig:17   | Noticed a juggernaut
 63229 | Zig:17   | Killed a juggernaut
 63242 | Zig:17   | Killed a juggernaut
 63317 | Zig:17   | Reached skill level 1 in Translocations
 63325 | Zig:17   | Identified the Almanac of Icy Moulding
 63347 | Zig:18   | Entered Level 18 of a ziggurat
 63386 | Zig:18   | Received a gift from Okawaru
 63404 | Zig:18   | Paralysed by a floating eye for 4 turns
 63577 | Zig:19   | Entered Level 19 of a ziggurat
 63651 | Zig:19   | Received a gift from Okawaru
 63754 | Zig:19   | Reached skill level 15 in Spellcasting
 63771 | Zig:19   | Reached skill level 15 in Dodging
 63825 | Zig:19   | Identified the Almanac of Attacks
 63850 | Zig:19   | Got a steaming steel ring
 63852 | Zig:19   | Identified the ring of Evvau {rPois MR+++ Str-3 Int+3} (You found it on level 19 of a ziggurat)
 63853 | Zig:19   | Lost mutation: Your body sometimes deteriorates upon taking damage. [evolution]
 63873 | Zig:20   | Entered Level 20 of a ziggurat
 63991 | Zig:20   | Reached skill level 15 in Invocations
 63993 | Zig:20   | Received a gift from Okawaru
 64010 | Zig:20   | Paralysed by accursed screaming for 2 turns
 64092 | Zig:20   | Gained mutation: You sometimes yell uncontrollably at your foes. [a neqoxec]
 64215 | Zig:21   | Entered Level 21 of a ziggurat
 64309 | Zig:21   | Reached skill level 23 in Fighting
 64428 | Zig:21   | Received a gift from Okawaru
 64471 | Zig:21   | Found the +9 staff of Olgreb {rPois}
 64534 | Zig:22   | Entered Level 22 of a ziggurat
 64664 | Zig:22   | Received a gift from Okawaru
 64687 | Zig:22   | Identified the +5 plate armour "Nutucw" {Int+2} (Okawaru gifted it to you on level 22 of a ziggurat)
 64747 | Zig:22   | Found the +10 large shield of Ignorance {rN+ Int-4}
 64750 | Zig:22   | Found the +5 pair of quick blades "Gyre" and "Gimble" {pierce, Dex-3}
 64753 | Zig:22   | Identified the Compendium of Fire and Self-Improvement
 64799 | Zig:23   | Entered Level 23 of a ziggurat
 64833 | Zig:23   | Noticed an ancient lich
 64841 | Zig:23   | Killed an ancient lich
 64852 | Zig:23   | Noticed an ancient lich
 64882 | Zig:23   | Killed an ancient lich
 64891 | Zig:23   | Noticed an ancient lich
 64894 | Zig:23   | Killed an ancient lich
 64961 | Zig:23   | Reached skill level 5 in Translocations
 64978 | Zig:23   | Received a gift from Okawaru
 65076 | Zig:23   | Identified the ring "Feirheh" {Str+3 Stlth+} (You found it on level 23 of a ziggurat)
 65083 | Zig:23   | Identified the Papyrus of Shape Shifting
 65099 | Zig:24   | Entered Level 24 of a ziggurat
 65194 | Zig:24   | Noticed an ancient lich
 65224 | Zig:24   | Noticed an ancient lich
 65233 | Zig:24   | Killed an ancient lich
 65233 | Zig:24   | Received a gift from Okawaru
 65284 | Zig:24   | Killed an ancient lich
 65285 | Zig:24   | Reached skill level 5 in Evocations
 65303 | Zig:24   | Noticed an ancient lich
 65400 | Zig:24   | Killed an ancient lich
 65485 | Zig:24   | Identified the Reference Book on Nocuous Unholy Secrets
 65487 | Zig:24   | Identified Sif Muna's Incunabulum of Toxic Self-Knowledge
 65492 | Zig:24   | Identified the Disquisition on Attacks
 65494 | Zig:24   | Identified the Catalogue of Creative Weightlessness
 65521 | Zig:24   | Identified the ring "Heritawk" {rCorr *Corrode rC++ rN+ MR+} (You found it on level 24 of a ziggurat)
 65534 | Zig:25   | Entered Level 25 of a ziggurat
 65610 | Zig:25   | Received a gift from Okawaru
 65778 | Zig:25   | Received a gift from Okawaru
 65849 | Zig:25   | Reached skill level 1 in Hexes
 65861 | Zig:25   | Identified the +0 pair of boots of the Wild Haggis {rC+ Str-5 Int+6} (You found it on level 25 of a ziggurat)
 65875 | Zig:26   | Entered Level 26 of a ziggurat
 66119 | Zig:26   | Noticed Nietuill the pandemonium lord
 66131 | Zig:26   | Killed Nietuill the pandemonium lord
 66318 | Zig:26   | Reached skill level 24 in Fighting
 66323 | Zig:26   | Gained mutation: Armour fits poorly on your strangely shaped body. [a cacodemon]
 66324 | Zig:26   | Gained mutation: Your magical capacity is low. (-10% MP) [a cacodemon]
 66373 | Zig:26   | Found the +9 staff of Wucad Mu {channel}
 66487 | Zig:26   | Identified the +0 pair of gloves of Vorryk {+Inv rPois Int-5} (You found it on level 26 of a ziggurat)
 66517 | Zig:26   | Lost mutation: Your muscles are strong. (Str +2) [potion of mutation]
 66517 | Zig:26   | Lost mutation: Armour fits poorly on your strangely shaped body. [potion of mutation]
 66517 | Zig:26   | Lost mutation: You sometimes yell uncontrollably at your foes. [potion of mutation]
 66517 | Zig:26   | Lost mutation: Your magical capacity is low. (-10% MP) [potion of mutation]
 66517 | Zig:26   | Gained mutation: You are resistant to electric shocks. (rElec) [potion of mutation]
 66518 | Zig:26   | Lost mutation: You possess an exceptional clarity of mind. [potion of mutation]
 66518 | Zig:26   | Lost mutation: You are partially covered in slimy green scales. (AC +2) [potion of mutation]
 66518 | Zig:26   | Gained mutation: Your flesh is very cold resistant. (rC++) [potion of mutation]
 66518 | Zig:26   | Gained mutation: Your spells are a little harder to cast, but a little more powerful. [potion of mutation]
 66519 | Zig:26   | Lost mutation: You occasionally shout uncontrollably at your foes. [potion of mutation]
 66519 | Zig:26   | Lost mutation: Your flesh is very cold resistant. (rC++) [potion of mutation]
 66519 | Zig:26   | Lost mutation: Your flesh is cold resistant. (rC+) [potion of mutation]
 66519 | Zig:26   | Gained mutation: Armour fits poorly on your strangely shaped body. [potion of mutation]
 66519 | Zig:26   | Gained mutation: You have a pair of small horns on your head. [potion of mutation]
 66519 | Zig:26   | Gained mutation: You possess an exceptional clarity of mind. [potion of mutation]
 66520 | Zig:26   | Lost mutation: You evolve. [potion of mutation]
 66520 | Zig:26   | Lost mutation: Armour fits poorly on your strangely shaped body. [potion of mutation]
 66520 | Zig:26   | Lost mutation: Your spells are a little harder to cast, but a little more powerful. [potion of mutation]
 66520 | Zig:26   | Lost mutation: You have a pair of small horns on your head. [potion of mutation]
 66520 | Zig:26   | Gained mutation: You expend magic power (3 MP) to strengthen your wands. [potion of mutation]
 66520 | Zig:26   | Gained mutation: Your mind is acute. (Int +2) [potion of mutation]
 66521 | Zig:26   | Lost mutation: Your mind is acute. (Int +2) [potion of mutation]
 66521 | Zig:26   | Lost mutation: You possess an exceptional clarity of mind. [potion of mutation]
 66521 | Zig:26   | Gained mutation: You occasionally shout uncontrollably at your foes. [potion of mutation]
 66521 | Zig:26   | Gained mutation: Your muscles are strong. (Str +2) [potion of mutation]
 66522 | Zig:26   | Lost mutation: You expend magic power (3 MP) to strengthen your wands. [potion of mutation]
 66522 | Zig:26   | Lost mutation: Your muscles are strong. (Str +2) [potion of mutation]
 66522 | Zig:26   | Gained mutation: Your mind is acute. (Int +2) [potion of mutation]
 66522 | Zig:26   | Gained mutation: Your spells are a little harder to cast, but a little more powerful. [potion of mutation]
 66523 | Zig:26   | Lost mutation: Your spells are a little harder to cast, but a little more powerful. [potion of mutation]
 66523 | Zig:26   | Lost mutation: Your mind is acute. (Int +2) [potion of mutation]
 66523 | Zig:26   | Lost mutation: You are resistant to electric shocks. (rElec) [potion of mutation]
 66523 | Zig:26   | Gained mutation: Your flesh is cold resistant. (rC+) [potion of mutation]
 66523 | Zig:26   | Gained mutation: You can translocate small distances at will. [potion of mutation]
 66523 | Zig:26   | Gained mutation: You are resistant to hostile enchantments. (MR+) [potion of mutation]
 66537 | Zig:27   | Entered Level 27 of a ziggurat
 66609 | Zig:27   | Received a gift from Okawaru
 66658 | Zig:27   | HP: 6/166 [spriggan air mage/the air (3)]
 66660 | Zig:27   | HP: 2/166 [spriggan air mage/the air (5)]
 66660 | Zig:27   | Killed from afar by a spriggan air mage

Vault maps used:
D:1:      evilmike_arrival_fibonacci_small
D:2:      cheibrodos_greedy_goblins, first_ration, uniq_terence
D:3:      kennysheep_big_flooded_room, kennysheep_generic_room_6, uniq_ijyb
D:4:      temple_doors_ab, uniq_menkaure
D:5:      grunt_ministairs_1
D:6:      kennysheep_cluttered_room
D:7:      uniq_pikel
D:8:      gammafunk_temple_overflow_statue, serial_aquarium,
          aquarium_bridge_straight, aquarium_window_2,
          aquarium_window_corridor_3, aquarium_window_double,
          aquarium_window_corner, aquarium_view_2e, aquarium_balcony_double_4
D:9:      erik_orc_3, serial_shops, shop, minmay_st_funbox, hangedman_ranch,
          uniq_erica
D:10:     dpeg_oklobed_lair
D:11:     portal_ice_cave_entry_pillars_2, grunt_tough_drop
D:12:     grunt_ministairs_15, ice2_lemuel, uniq_harold
D:13:     serial_shops, nicolae_shop_waterfront
D:14:     grunt_vaults_entry_fortified, serial_park_gazebo, minivault_25_ag,
          basic_loot_grate_trap
D:15:     hangedman_depths_entry_try_elsewhere_first, tso_altar,
          lab_entry_generic, xom_teletrap_fun
Temple:   regret_index_temple_chain_breaker
Lair:1:   minmay_lair_oklob_chamber, infiniplex_staircase_pool_2,
          serial_bayou_shore_a, grunt_megastairs_5, serial_bayou_shore_b
Lair:2:   beast_lair_carwin_large_2, spider_nest_entry_rubble
Lair:3:   cheibrodos_lair_overgrown_chateau, minmay_shoals_entry_lonely_mermaid,
          infiniplex_staircase_pool
Lair:4:   cheibrodos_lair_river_kwai
Lair:5:   slime_altar_2, grunt_megastairs_2
Lair:6:   hangedman_lair_caniforms_friends, guppyfry_lair_end_dragon,
          serial_bayou_lagoon_a, minivault_29, uniq_snorg
Shoals:1: nicolae_shoals_circle_sea_wall, uniq_aizul
Shoals:2: nicolae_alphabet_shops
Shoals:3: uniq_polyphemus
Shoals:4: shoals_end_hangedman, shoals_ilsuiw_alternative
Spider:1: nicolae_spider_webs_and_nodes, hangedman_spider_mandibles
Spider:2: nicolae_spider_cling_ruins, uniq_frances, uniq_arachne
Spider:4: floodkiller_spider_rune_tomb, spider_trap
Orc:2:    pubby_orc_utopia
Elf:1:    minmay_elf_arrival_summoners, uniq_asterion
Elf:2:    david_defended_altar_elf, uniq_louise
Elf:3:    nooodl_elf_gasket
Vaults:1: nicolae_vaults_arrows, grunt_vaults_focal, grunt_vaults_hallway_long,
          vaults_mumra_chevron, ontoclasm_vaults_loading_screen,
          vaults_dpeg_ring, vaults_dpeg_encased_lava, serial_shops,
          nicolae_shop_waterfront, shop
Vaults:2: nicolae_vaults_c_with_doors, hangedman_vaults_variations, v_misc_25,
          minmay_crypt_entry_skeletal_spiral, v_misc_13,
          ontoclasm_vaults_decontamination, ontoclasm_vaults_pinch,
          ontoclasm_vaults_chip
Vaults:3: nicolae_vaults_little_ls, ontoclasm_vaults_ring_large,
          hangedman_vaults_corner, grunt_vaults_funnel, grunt_vaults_swirl,
          v_alt_pattern_4, nicolae_vaults_network_square,
          hangedman_vaults_impose, grunt_vaults_twisty, ontoclasm_vaults_tryst,
          v_misc_17, ontoclasm_vaults_gateway
Vaults:4: vaults_mumra_chevron_long, dpeg_vaults_monster_box, serial_ice_b,
          nicolae_vaults_little_squares_5, ontoclasm_vaults_hangar,
          ontoclasm_vaults_spin, v_pattern_5, vaults_room_fours
Vaults:5: serial_shops
Crypt:1:  uniq_mennas, uniq_sojobo
Crypt:2:  minmay_misc_feat_ornament, tombwall_bobbens
Crypt:3:  grunt_crypt_end_deaths_head
Depths:1: grunt_metal_band, abyss_entry, minmay_holes, serial_shops,
          nicolae_shop_window_shopping, roderic_lattice_a,
          kennysheep_inner_square
Depths:2: minmay_the_grid_four_pointed_star_mashed, enter_ziggurat_a,
          serial_shops, shop, hangedman_tar_grid_catacomb,
          serial_sigils_hangedman_clutch, minmay_shop_grid_forest
Depths:3: abrahamwl_protected_by_tso_1, rand_demon_pan_entry_4,
          minmay_misc_feat_square, hangedman_geh_valley,
          serial_sigils_hangedman_scar, minmay_shop_grove,
          infiniplex_staircase_river, serial_bayou_shore_b
Depths:4: hangedman_spin_cycle, hell_entry, abyss_entry
Depths:5: grunt_zot_entry_gee_three, hell_entry, minmay_misc_feat_pillars,
          uniq_saint_roka, uniq_boris
Abyss:3:  evilmike_abyss_exit_chaos, evilmike_abyss_rune_tso_outpost,
          minivault_26
Zig:5:    ziggurat_pillar_centre_oklobs
Zig:8:    ziggurat_pillar_centre_c
Zig:16:   ziggurat_pillar_centre_smoke
Zig:18:   ziggurat_pillar_centre_drop
Zig:23:   ziggurat_pillar_centre_dead_trees
Lab:      nicolae_lab_plus, nicolae_lab_x
IceCv:    ice_cave_small_necro

Skill      XL: |  1  2  3  4  5  6  7  8  9 10 11 12 13 14 15 16 17 18 19 20 21 22 23 24 25 26 27 |
---------------+----------------------------------------------------------------------------------+-----
Axes           | 2 3 4 5 8 10 11 13 14 15 16 17 | 17.5
Shields        | 3 4 5 6 7 8 9 10 11 12 13 14 15 16 17 22 | 22.0
Fighting       | 3 4 5 6 7 8 9 10 11 12 13 14 16 17 18 19 20 21 24 | 24.0
Armour         | 3 4 5 6 7 8 9 10 11 12 13 14 15 17 | 17.6
Dodging        | 1 2 3 4 5 6 8 9 10 11 12 16 | 16.7
Stealth        | 1 2 3 4 6 9 10 12 13 14 21 | 21.9
Maces & Flails | 2 5 7 |  7.4
Evocations     | 1 2 8 |  8.0
Invocations    | 1 2 3 4 5 6 7 9 10 11 15 | 15.7
Spellcasting   | 2 5 7 9 10 11 17 | 17.3
Necromancy     | 5 6 8 |  8.1
Charms         | 3 5 6 8 |  8.1
Translocations | 9 |  9.5
Hexes          | 2 |  2.4

Action                   |  1- 3 |  4- 6 |  7- 9 | 10-12 | 13-15 | 16-18 | 19-21 | 22-24 | 25-27 || total
-------------------------+-------+-------+-------+-------+-------+-------+-------+-------+-------++-------
Melee: War axe           |    46 |       |       |       |       |       |       |       |       ||    46
       Bite              |    11 |    38 |    95 |   188 |   366 |   697 |   640 |   768 |  1797 ||  4600
       Hand axe          |    22 |   161 |    45 |       |       |       |       |       |       ||   228
       Whip              |       |       |   221 |   164 |       |       |       |       |       ||   385
       Broad axe         |       |       |       |   483 |  1256 |  1891 |  1576 |   916 |  2623 ||  8745
       Demon whip        |       |       |       |       |       |    30 |       |       |    69 ||    99
       Sacred scourge    |       |       |       |       |       |       |       |   825 |   894 ||  1719
       Kick              |       |       |       |       |       |       |       |   438 |    94 ||   532
 Cast: Regeneration      |       |       |       |       |       |       |       |     8 |    51 ||    59
Invok: Heroism           |       |       |     1 |    15 |    34 |    42 |    11 |    19 |    48 ||   170
       Finesse           |       |       |       |     1 |     8 |     8 |       |     6 |    24 ||    47
 Abil: Evoke Flight      |       |       |       |       |       |     8 |       |       |       ||     8
       Evoke Blink       |       |       |       |       |       |       |       |       |     5 ||     5
       Blink             |       |       |       |       |       |       |       |       |     1 ||     1
       Evoke Berserk Rag |       |       |       |       |       |       |       |       |     1 ||     1
Evoke: Wand              |       |     4 |     4 |     4 |     3 |       |     1 |       |     3 ||    19
  Use: Scroll            |       |     1 |     5 |    14 |    11 |    17 |     5 |    14 |    75 ||   142
       Potion            |       |       |       |     2 |       |     3 |       |       |    21 ||    26
 Stab: Sleeping          |       |       |       |     6 |     5 |       |       |       |     5 ||    16
       Distracted        |       |       |       |     2 |       |       |     2 |     1 |     1 ||     6
       Petrified         |       |       |       |       |       |     2 |       |       |       ||     2
       Invisible         |       |       |       |       |       |       |       |       |     1 ||     1
       Paralysed         |       |       |       |       |       |       |       |       |     1 ||     1
  Eat: Chunk             |       |     5 |     6 |    17 |    22 |    18 |    13 |     1 |     8 ||    90
       Ration            |       |     1 |     1 |     1 |     2 |     8 |     5 |     9 |    15 ||    42
Armor: Scale mail        |    25 |    62 |    68 |   193 |   247 |       |       |       |       ||   595
       Skin              |       |       |       |     9 |       |       |       |       |       ||     9
       Ring mail         |       |       |       |       |     1 |       |       |       |       ||     1
       Plate armour      |       |       |       |       |   294 |   954 |   435 |   493 |  1541 ||  3717
Dodge: Dodged            |    16 |    39 |    55 |   227 |   567 |   667 |   344 |   509 |  1729 ||  4153
Block: Shield            |    39 |    70 |   123 |   393 |   890 |  1348 |   946 |  1087 |  3496 ||  8392
       Reflection        |       |       |       |       |     4 |    74 |   120 |    32 |   225 ||   455

Table legend:
 A = Spawn XP
 B = Non-spawn XP
 C = Spawn XP percentage of total XP
 D = Spawn monster count
 E = Non-spawn monster count
 F = Spawn count percentage of total count
 G = Total turns spent on level
                    A         B        C        D         E        F      G
               +---------+---------+-------+---------+---------+-------+---------
         Total |   15528 | 2316392 |   0.7 |      27 |    3478 |   0.8 | 66660
               +---------+---------+-------+---------+---------+-------+---------
           D:1 |       0 |      18 |   0.0 |       0 |      13 |   0.0 |   664
           D:2 |       0 |     117 |   0.0 |       0 |      36 |   0.0 |  1084
           D:3 |       0 |     113 |   0.0 |       0 |      28 |   0.0 |   687
           D:4 |       0 |     277 |   0.0 |       0 |       9 |   0.0 |  1160
           D:5 |       0 |    1053 |   0.0 |       0 |      34 |   0.0 |   909
           D:6 |       0 |    2655 |   0.0 |       0 |      30 |   0.0 |   760
           D:7 |       0 |    1466 |   0.0 |       0 |      23 |   0.0 |  1464
           D:8 |       0 |     279 |   0.0 |       0 |       4 |   0.0 |   821
           D:9 |       0 |    7394 |   0.0 |       0 |      73 |   0.0 |  1593
          D:10 |       0 |    1299 |   0.0 |       0 |       9 |   0.0 |   876
          D:11 |       0 |    8017 |   0.0 |       0 |      48 |   0.0 |  1266
          D:12 |       0 |    5032 |   0.0 |       0 |      39 |   0.0 |   699
          D:13 |       0 |    4246 |   0.0 |       0 |      20 |   0.0 |   497
          D:14 |       0 |   14820 |   0.0 |       0 |      35 |   0.0 |  1051
          D:15 |       0 |   18048 |   0.0 |       0 |      54 |   0.0 |   931
        Lair:1 |       0 |    5989 |   0.0 |       0 |      32 |   0.0 |  1450
        Lair:2 |       0 |    7728 |   0.0 |       0 |      31 |   0.0 |  1422
        Lair:3 |       0 |    8613 |   0.0 |       0 |      28 |   0.0 |  1268
        Lair:4 |       0 |    7992 |   0.0 |       0 |      34 |   0.0 |  1339
        Lair:5 |       0 |   11666 |   0.0 |       0 |      41 |   0.0 |  1665
        Lair:6 |       0 |   34483 |   0.0 |       0 |     151 |   0.0 |  2316
      Shoals:1 |       0 |   12262 |   0.0 |       0 |      23 |   0.0 |   935
      Shoals:2 |       0 |    7534 |   0.0 |       0 |      17 |   0.0 |   600
      Shoals:3 |       0 |   23422 |   0.0 |       0 |      39 |   0.0 |  1499
      Shoals:4 |       0 |   30273 |   0.0 |       0 |      50 |   0.0 |  1239
      Spider:1 |       0 |    7919 |   0.0 |       0 |      23 |   0.0 |   819
      Spider:2 |       0 |   21058 |   0.0 |       0 |      42 |   0.0 |  1144
      Spider:3 |       0 |   12678 |   0.0 |       0 |      31 |   0.0 |  1697
      Spider:4 |       0 |   57456 |   0.0 |       0 |     121 |   0.0 |  1957
         Orc:1 |       0 |     360 |   0.0 |       0 |       9 |   0.0 |   163
         Orc:2 |       0 |   22880 |   0.0 |       0 |     154 |   0.0 |  1713
         Elf:1 |       0 |   23687 |   0.0 |       0 |      37 |   0.0 |  1095
         Elf:2 |       0 |   46204 |   0.0 |       0 |      64 |   0.0 |  1413
         Elf:3 |       0 |   91936 |   0.0 |       0 |      78 |   0.0 |  1297
      Vaults:1 |       0 |   52494 |   0.0 |       0 |      96 |   0.0 |  1686
      Vaults:2 |       0 |   45858 |   0.0 |       0 |      90 |   0.0 |  1719
      Vaults:3 |       0 |   56620 |   0.0 |       0 |      91 |   0.0 |  2049
      Vaults:4 |       0 |   68230 |   0.0 |       0 |     111 |   0.0 |  1593
      Vaults:5 |       0 |  142745 |   0.0 |       0 |     123 |   0.0 |  1393
       Crypt:1 |       0 |   39774 |   0.0 |       0 |      44 |   0.0 |  1057
       Crypt:2 |       0 |   33538 |   0.0 |       0 |      56 |   0.0 |  1545
       Crypt:3 |       0 |   79187 |   0.0 |       0 |     124 |   0.0 |  1500
      Depths:1 |       0 |   55191 |   0.0 |       0 |      65 |   0.0 |   962
      Depths:2 |       0 |   61700 |   0.0 |       0 |      67 |   0.0 |  1487
      Depths:3 |       0 |   27349 |   0.0 |       0 |      36 |   0.0 |  1105
      Depths:4 |       0 |   89427 |   0.0 |       0 |      90 |   0.0 |   980
      Depths:5 |       0 |   88071 |   0.0 |       0 |      93 |   0.0 |  1087
       Abyss:3 |   15528 |   10767 |  59.1 |      27 |      20 |  57.4 |   653
         Zig:1 |       0 |    1069 |   0.0 |       0 |       3 |   0.0 |    18
         Zig:2 |       0 |    1590 |   0.0 |       0 |       4 |   0.0 |    28
         Zig:3 |       0 |    2452 |   0.0 |       0 |       4 |   0.0 |    27
         Zig:4 |       0 |    7178 |   0.0 |       0 |       5 |   0.0 |    75
         Zig:5 |       0 |    9518 |   0.0 |       0 |       9 |   0.0 |    71
         Zig:6 |       0 |   18015 |   0.0 |       0 |       7 |   0.0 |    72
         Zig:7 |       0 |   30156 |   0.0 |       0 |       7 |   0.0 |    69
         Zig:8 |       0 |    7242 |   0.0 |       0 |      13 |   0.0 |   205
         Zig:9 |       0 |   10745 |   0.0 |       0 |      21 |   0.0 |    80
        Zig:10 |       0 |   14016 |   0.0 |       0 |      21 |   0.0 |   231
        Zig:11 |       0 |   21968 |   0.0 |       0 |      16 |   0.0 |   237
        Zig:12 |       0 |   18822 |   0.0 |       0 |      41 |   0.0 |   287
        Zig:13 |       0 |   24030 |   0.0 |       0 |      24 |   0.0 |   114
        Zig:14 |       0 |   27423 |   0.0 |       0 |      28 |   0.0 |   385
        Zig:15 |       0 |   21458 |   0.0 |       0 |      38 |   0.0 |   318
        Zig:16 |       0 |   31457 |   0.0 |       0 |      33 |   0.0 |   413
        Zig:17 |       0 |   51272 |   0.0 |       0 |      47 |   0.0 |   247
        Zig:18 |       0 |   48846 |   0.0 |       0 |      42 |   0.0 |   230
        Zig:19 |       0 |   55799 |   0.0 |       0 |      39 |   0.0 |   296
        Zig:20 |       0 |   39663 |   0.0 |       0 |      76 |   0.0 |   342
        Zig:21 |       0 |   59336 |   0.0 |       0 |      41 |   0.0 |   319
        Zig:22 |       0 |   52705 |   0.0 |       0 |      60 |   0.0 |   265
        Zig:23 |       0 |   94292 |   0.0 |       0 |      50 |   0.0 |   300
        Zig:24 |       0 |  104129 |   0.0 |       0 |      53 |   0.0 |   435
        Zig:25 |       0 |   75556 |   0.0 |       0 |      65 |   0.0 |   341
        Zig:26 |       0 |   97064 |   0.0 |       0 |      74 |   0.0 |   662
        Zig:27 |       0 |   30282 |   0.0 |       0 |      28 |   0.0 |   123
           Lab |       0 |    3626 |   0.0 |       0 |       9 |   0.0 |  1608
         IceCv |       0 |    6758 |   0.0 |       0 |      54 |   0.0 |   457
               +---------+---------+-------+---------+---------+-------+---------
